 Dungeon Crawl Stone Soup version 0.26-a0-1147-g3780a7a11b (webtiles) character file.

Game seed: 1251162615231098785

277 sokol815 the Sneak (level 6, -4/36 HPs)
             Began as an Octopode Fire Elementalist on Dec 22, 2020.
             Slain by a gnoll
             ... wielding a +0 spear
              (9 damage)
             ... on level 6 of the Dungeon.
             The game lasted 00:09:48 (2157 turns).

sokol815 the Sneak (Octopode Fire Elementalist)     Turns: 2157, Time: 00:09:48

Health: -4/36      AC:  1    Str:  7    XL:     6   Next: 25%
Magic:  5/9        EV: 13    Int: 20    God:
Gold:   120        SH:  0    Dex: 12    Spells: 8/9 levels left

rFire    . . .     SeeInvis .   b - +10 dark maul {vorpal}
rCold    . . .     Faith    .   (shield currently unavailable)
rNeg     . . .     Spirit   .   (helmet restricted)
rPois    .         Reflect  .   (no amulet)
rElec    .         Harm     .   (no ring)
rCorr    .         Rampage  .   (no ring)
Will     .....                  (no ring)
Stlth    ++++......             (no ring)
HPRegen  0.12/turn              (no ring)
MPRegen  0.11/turn              (no ring)
                                (no ring)
                                (no ring)

@: very slightly contaminated
A: almost no armour, stealthy swim, amphibious, 8 rings, constrict 8, camouflage
1, gelatinous body 1
a: no special abilities


You were on level 6 of the Dungeon.
You visited 1 branch of the dungeon, and saw 4 of its levels.

You collected 120 gold pieces.

Inventory:

Hand Weapons
 a - a +3 dagger of protection
   (You took it off a goblin on level 1 of the Dungeon)
 b - the +10 dark maul (weapon) {vorpal}
   (You found it on level 6 of the Dungeon)

   It inflicts extra damage upon your enemies.
 h - a +4 dagger
   (You took it off a goblin on level 1 of the Dungeon)
Missiles
 d - 130 stones
 f - 61 sling bullets
 j - 26 poisoned darts
Armour
 k - a +0 buckler
   (You found it on level 1 of the Dungeon)
Wands
 s - a wand of polymorph (8)
   (You found it on level 3 of the Dungeon)
Scrolls
 c - a scroll of identify {unknown}
 i - 2 scrolls of remove curse
 m - a scroll of immolation {!r}
 q - a scroll of random uselessness {unknown}
Potions
 e - a potion of attraction {unknown}
 g - 3 potions of haste {unknown}
 l - a potion of mutation {unknown}
 n - 6 potions of might {unknown}
 p - a potion of lignification {unknown}
 t - a potion of curing {unknown}


   Skills:
 + Level 1.4 Short Blades
 - Level 2.0 Dodging
 * Level 4.7 Stealth
 * Level 3.9 Shields
 - Level 2.0 Spellcasting
 - Level 3.0 Conjurations
 - Level 3.0 Fire Magic


You had 8 spell levels left.
You knew the following spells:

 Your Spells              Type           Power        Failure   Level
a - Foxfire               Conj/Fire      56%          4%          1

Your spell library contained the following spells:

 Spells                   Type           Power        Failure   Level
 Conjure Flame            Conj/Fire      14%          14%         3
 Inner Flame              Hex/Fire       8%           26%         3
 Sticky Flame             Conj/Fire      14%          41%         4
 Fireball                 Conj/Fire      7%           77%         5


Dungeon Overview and Level Annotations

Branches:
Dungeon (3/15)

Altars:
Sif Muna
Uskayaw
Yredelemnul


Innate Abilities, Weirdness & Mutations

You cannot wear most types of armour.
You are very stealthy in the water. (Stealth+)
You are amphibious.
You can wear up to eight rings at the same time.
You can use your tentacles to constrict eight enemies at once.
Your skin changes colour to match your surroundings (Stealth+).
Your rubbery body absorbs attacks. (AC +1, EV +1)


Message History

MP restored: 8 A quokka comes into view.
The quokka misses you.
You miss the quokka. You grab the quokka. You constrict the quokka.
The quokka bites you.
You take 3 damage, and have 28/31 hp.
You hit the quokka.
Your weapon exudes an aura of protection.
You kill the quokka!
You hear the slow rusting of a very distant drain.
A bullfrog comes into view.
The bullfrog croaks.
The bullfrog hits you. x2
You take 7 damage, and have 21/31 hp.
MASSIVE DAMAGE!!
The bullfrog hits you. The bullfrog closely misses you.
The bullfrog misses you. The bullfrog hits you.
You take 5 damage, and have 16/31 hp.
The bullfrog hits you.
You take 4 damage, and have 12/31 hp.
The bullfrog hits you but does no damage.
You block the bullfrog's attack. You block the bullfrog's attack.
The bullfrog barely misses you. You block the bullfrog's attack.
You hit the bullfrog.
Your weapon exudes an aura of protection.
You grab the bullfrog. You constrict the bullfrog.
The bullfrog hits you but does no damage.
You hit the bullfrog. You constrict the bullfrog.
The bullfrog closely misses you. The bullfrog hits you.
You take 1 damage, and have 12/31 hp.
You hit the bullfrog but do no damage. You constrict the bullfrog.
The bullfrog barely misses you.
You hit the bullfrog. You squeeze the bullfrog. You constrict the bullfrog.
The bullfrog barely misses you. The bullfrog hits you.
You take 1 damage, and have 11/31 hp.
You hit the bullfrog.
You kill the bullfrog!
You have reached level 6!
Your experience leads to an increase in your attributes!
Increase (s)trength, (i)ntelligence, or (d)exterity?
You feel clever.
You regained 2 hp, and now have 13/36 hp.
MP restored: 9 You see here the +10 dark maul {vorpal}.
m - the +10 dark maul {vorpal} Unknown command.
You can't wield that with a shield.
You aren't wearing any rings or amulets.
Take off which item? (? for menu, Esc to quit)
You start removing your armour.
You continue taking off your +0 buckler. x4
You finish taking off your +0 buckler.
Your +3 dagger of protection goes still.
m - the +10 dark maul (weapon)
{vorpal} Adjust to which letter? (? for menu, Esc to quit)
b - the +10 dark maul (weapon)
{vorpal};
m - a scroll of immolation {!r} You start resting.
You hear the slow rusting of a very distant drain.
Found a stone staircase leading up.
A gnoll sergeant comes into view. It is wielding a +0 spear.
A gnoll comes into view. It is wielding a -2 spear.
A gnoll comes into view. It is wielding a +0 spear.
You miscast Foxfire.
You are very lightly contaminated with residual magic.
Nothing appears to happen.
The gnoll sergeant shouts!
The gnoll shouts!
You hear a shout!
You hear an angry hiss.
You now have 8/9 mp.
You conjure some foxfire!
You now have 7/9 mp.
You conjure some foxfire!
The foxfire hits the gnoll sergeant.
The foxfire hits the gnoll sergeant but does no damage.
A gnoll comes into view. It is wielding a +0 spear.
You now have 6/9 mp.
You miscast Foxfire.
Nothing appears to happen.
The foxfire hits the gnoll sergeant.
The foxfire hits the gnoll sergeant but does no damage.
The gnoll sergeant barely misses you.
A gnoll comes into view.
A leopard gecko comes into view.
You now have 5/9 mp.
The gnoll sergeant completely misses you.
The gnoll completely misses you.
There is a stone staircase leading up here.
The leopard gecko hisses angrily.
You thump the gnoll sergeant! You grab the gnoll sergeant.
You squeeze the gnoll sergeant, but do no damage.
You constrict the gnoll sergeant, but do no damage.
You hear a shout!
The gnoll sergeant hits you with a +0 spear!
* * * LOW HITPOINT WARNING * * *
The gnoll hits you from afar with a +0 spear.
* * * LOW HITPOINT WARNING * * *
The gnoll sergeant struggles to escape constriction.
The gnoll misses you.
The gnoll hits you from afar with a +0 spear!
You die...

######### #.......#
#.#####.# #.# #.#
#.####.#####.#
#..........#.#
#####.@###.#.#######
#g####.#........
.gg.......##########
#.#.###.##.#.#
#..#..
...#.....>....#
#..#.# ..#
#l.?...#.#.###.....
##.
...[.#.#....##.....
. .g.. .
#....##..... ## .#
#....##.....


You could see a gnoll sergeant, 3 gnolls and a leopard gecko.

Vanquished Creatures
  A phantom (D:3)
  A bullfrog (D:6)
  A hound (D:2)
  A worker ant (D:6)
  3 adders (D:2)
  A white imp (D:6)
  An ooze (D:2)
  A dart slug (D:3)
  A leopard gecko (D:1)
  An orc (D:3)
  A giant cockroach (D:1)
  5 goblins
  3 hobgoblins
  2 jackals (D:1)
  A quokka (D:6)
  5 bats
  4 frilled lizards
  5 kobolds
  5 rats
43 creatures vanquished.

Vanquished Creatures (others)
  123 foxfires
123 creatures vanquished.

Grand Total: 166 creatures vanquished

Notes
Turn   | Place    | Note
-------+----------+-------------------------------------------
     0 | D:1      | sokol815 the Octopode Fire Elementalist began the quest for
                  | the Orb.
     0 | D:1      | Reached XP level 1. HP: 11/11 MP: 3/3
   233 | D:1      | Reached skill level 2 in Conjurations
   233 | D:1      | Reached XP level 2. HP: 17/17 MP: 0/5
   765 | D:2      | Reached XP level 3. HP: 21/21 MP: 1/6
   773 | D:2      | Reached skill level 1 in Shields
  1111 | D:2      | Reached skill level 3 in Conjurations
  1111 | D:2      | Reached XP level 4. HP: 27/27 MP: 4/7
  1116 | D:2      | Reached skill level 2 in Shields
  1170 | D:2      | Found a basalt altar of Yredelemnul.
  1799 | D:3      | Found a shimmering blue altar of Sif Muna.
  1813 | D:3      | Noticed a phantom
  1894 | D:3      | Killed a phantom
  1895 | D:3      | Reached skill level 3 in Stealth
  1895 | D:3      | Reached skill level 3 in Shields
  1895 | D:3      | Reached XP level 5. HP: 24/31 MP: 0/8
  1928 | D:3      | Reached skill level 1 in Short Blades
  2002 | D:3      | Found a hide-covered altar of Uskayaw.
  2040 | D:3      | You fall into a shaft and drop 3 floors!
  2047 | D:6      | Reached skill level 4 in Stealth
  2119 | D:6      | Reached XP level 6. HP: 13/36 MP: 9/9
  2126 | D:6      | Found the +10 dark maul {vorpal}
  2157 | D:6      | HP: 9/36 [gnoll sergeant/+0 spear (9)]
  2157 | D:6      | Slain by a gnoll

Illustrated notes

Levels and vault maps discovered:
D:1:      giann_wishing_wells, layout_rooms
D:2:      layout_loops_ring, nicolae_overflow_crystal_walls, serial_undead,
          serial_undead_b, serial_undead_f, serial_undead_e, serial_undead_c
D:3:      layout_loops_cross, overflow_temple_1_default, lemuel_blue_sif_altar
D:6:      minmay_angry_zag, layout_basic, lemuel_coloured_pillars_altar,
          nicolae_temple_entry_ecumenical, gammafunk_ghost_stat_death,
          portal_sewer_entry_b, bloody_makhleb

Skill      XL: |  1  2  3  4  5 |
---------------+----------------+-----
Conjurations   | 2 3 |  3.0
Shields        | 1 3 |  3.9
Stealth        | 3 4 |  4.7
Short Blades   | 1 |  1.4
Dodging        | |  2.0
Spellcasting   | |  2.0
Fire Magic     | |  3.0

Action                   |  1- 3 |  4- 6 || total
-------------------------+-------+-------++-------
Melee: Unarmed           |     3 |       ||     3
       Dagger            |     5 |    42 ||    47
       Tentacles         |     2 |     5 ||     7
       Constrict         |     1 |     8 ||     9
       Maul              |       |     1 ||     1
 Cast: Foxfire           |    40 |    30 ||    70
  Use: Scroll            |       |     5 ||     5
 Stab: Sleeping          |       |     2 ||     2
Armor: Skin              |     1 |     7 ||     8
Dodge: Dodged            |     5 |    23 ||    28
Block: Buckler           |     1 |     8 ||     9

Table legend: (Time is in decaauts)
 A = Elapsed time spent in this place.
 B = Non-inter-level travel time spent in this place.
 C = Inter-level travel time spent in this place.
 D = Time resting spent in this place.
 E = Time spent auto-exploring this place.
 F = Levels seen in this place.
 G = Mean time per level.
                   A        B        C        D        E       F      G
               +--------+--------+--------+--------+--------+-----+--------+
         Total |   2154 |   2064 |     90 |    221 |   1369 |   4 |  538.5 |
       Dungeon |   2154 |   2064 |     90 |    221 |   1369 |   4 |  538.5 |
               +--------+--------+--------+--------+--------+-----+--------+

Top non-repeatable levels by time:
     D:2: 885 daAuts
     D:1: 698 daAuts
     D:3: 455 daAuts
     D:6: 115 daAuts

Table legend:
 A = Kills in this place as a percentage of kills in entire the game.
 B = Kills by you in this place as a percentage of kills by you in the entire game.
 C = Kills by friends in this place as a percentage of kills by friends in the entire game.
 D = Other kills in this place as a percentage of other kills in the entire game.
 E = Experience gained in this place as a percentage of experience gained in the entire game.
 F = Experience gained in this place divided by the number of levels of this place that you have seen.
                   A       B       C       D       E      F
               +-------+-------+-------+-------+-------+----------------------
         Total | 100.0 | 100.0 |   N/A |   N/A | 100.0 |  99.0
       Dungeon | 100.0 | 100.0 |   N/A |   N/A | 100.0 |  99.0
               +-------+-------+-------+-------+-------+----------------------
